 Dungeon Crawl Stone Soup version 0.25-a0-248-g18654cfe15 (webtiles) character file.

Game seed: 5372410161538007860, levelgen mode: deterministic

1922 Goreval the Firebug (level 8, -2/67 HPs)
             Began as a Green Draconian Fire Elementalist on Dec 4, 2019.
             Was an Initiate of Vehumet.
             Slain by a wyvern zombie (8 damage)
             ... on level 7 of the Dungeon.
             The game lasted 00:17:16 (8105 turns).

Goreval the Firebug (DrFE)                          Turns: 8105, Time: 00:17:16

Health: -2/67      AC:  6    Str: 10    XL:     8   Next: 96%
Magic:  2/15       EV: 12    Int: 17    God:    Vehumet [......]
Gold:   194        SH:  0    Dex: 13    Spells: 4/16 levels left

rFire    . . .     SeeInvis .   j - +1 dagger
rCold    . . .     Gourm    .   (no shield)
rNeg     . . .     Faith    .   (armour unavailable)
rPois    +         Spirit   .   (helmet restricted)
rElec    .         Reflect  .   (no cloak)
rCorr    .         Harm     .   (no gloves)
MR       .....                  (no boots)
Stlth    ++........             (no amulet)
HPRegen  0.21/turn              (no ring)
MPRegen  0.14/turn              (no ring)

@: short of breath
A: breathe noxious fumes, unfitting armour, poison resistance, cold-blooded, AC
+6
a: Breathe Noxious Fumes, Renounce Religion


You were on level 7 of the Dungeon.
You worshipped Vehumet.
Vehumet was noncommittal.
You were very hungry.

You visited 2 branches of the dungeon, and saw 8 of its levels.

You collected 194 gold pieces.

Inventory:

Hand Weapons
 j - a +1 dagger (weapon)
Armour
 e - a +2 buckler
 w - a +0 pair of boots
Jewellery
 t - a cursed ring of attention {unknown}
Scrolls
 a - 2 scrolls of blinking
 f - 3 scrolls of fear
 h - 2 scrolls of enchant armour
 k - 3 scrolls of identify
 l - 4 scrolls of remove curse
 m - a scroll of fog
 o - a scroll of immolation {unknown}
 p - 2 scrolls of enchant weapon
 u - a scroll of teleportation
Potions
 c - 2 potions of might
 d - 2 potions of resistance {unknown}
 g - 3 potions of heal wounds
 i - 6 potions of curing
 n - a potion of agility {unknown}
 q - a potion of degeneration {unknown}
 r - 3 potions of flight {unknown}
 s - 3 potions of haste {unknown}
 v - 3 potions of mutation {unknown}
 x - a potion of ambrosia {unknown}
Comestibles
 b - 15 rations


   Skills:
 + Level 4.9 Fighting
 - Level 1.7 Dodging
 - Level 1.7 Stealth
 + Level 4.7 Spellcasting
 * Level 6.7 Conjurations
 * Level 7.4 Fire Magic


You had 4 spell levels left.
You knew the following spells:

 Your Spells              Type           Power        Failure   Level  Hunger
a - Foxfire               Conj/Fire      ####         1%          1    None
b - Conjure Flame         Conj/Fire      ####....     2%          3    ###....
c - Inner Flame           Hex/Fire       ###.....     10%         3    ###....
d - Fireball              Conj/Fire      ####......   22%         5    ######.

Your spell library contained the following spells:

 Spells                   Type           Power        Failure   Level  Hunger
 Sticky Flame             Conj/Fire      ####....     8%          4    ####...


Dungeon Overview and Level Annotations

Branches:
Dungeon (7/15)             Temple (1/1) D:5

Altars:
Cheibriados
Dithmenos
Elyvilon
Fedhas
Gozag
Hepliaklqana
Kikubaaqudgha
Makhleb
Nemelex Xobeh
Okawaru
Qazlal
Ru
Sif Muna
Trog
Uskayaw
Vehumet
Wu Jian
Xom
Yredelemnul
Zin
The Shining One

Shops:
D:5 *


Innate Abilities, Weirdness & Mutations

You can breathe blasts of noxious fumes.
Your lurid green scales are hard. (AC +6)
You cannot fit into any form of body armour.
Your system is resistant to poisons. (rPois)
You are cold-blooded and may be slowed by cold attacks.


Message History

The wyvern zombie misses you. The orc hits you but does no damage.
The foxfire hits the orc.
You kill the orc!
Vehumet accepts your kill.
The foxfire hits the wyvern zombie!
The wyvern zombie barely misses you.
You conjure some foxfire!
The wyvern zombie bites you!
* * * LOW HITPOINT WARNING * * *
The wyvern zombie bites you but does no damage.
You completely miss the wyvern zombie.
The foxfire hits the wyvern zombie. x2
The wyvern zombie bites you but does no damage.
The wyvern zombie bites you!
* * * LOW HITPOINT WARNING * * *
You conjure some foxfire!
You feel yourself speed up.
The wyvern zombie bites you but does no damage.
The wyvern zombie bites you.
* * * LOW HITPOINT WARNING * * *
You conjure some foxfire!
The foxfire hits the wyvern zombie. x2
The wyvern zombie bites you!
You die...

.....#.......#
.... ####<...# ...
#.#.†# ...
#.#..######.#
##+#...°○§...#
##.%....§)###.###
.......)))§°......
.......v.)........
.##....§@Z........
##...§.v........
#.....#........
#.....#........
#.....#........
#.....##+##+###
#.....# #####.. #.


You could see a wyvern zombie.

Vanquished Creatures
  Eustachio (D:5)
  A water moccasin (D:6)
  An orc warrior (D:7)
  A phantom (D:4)
  A sky beast (D:6)
  A centaur (D:5)
  3 ogres
  4 bullfrogs
  2 howler monkeys (D:5)
  A jelly (D:7)
  A bullfrog zombie (D:5)
  3 hounds
  3 orc priests
  4 orc wizards
  A bullfrog skeleton (D:6)
  An iguana (D:6)
  4 worker ants
  9 adders
  A shadow imp (D:5)
  An adder skeleton (D:6)
  A worm (D:2)
  4 dart slugs
  5 leopard geckos
  23 orcs
  3 giant cockroaches
  7 goblins
  9 hobgoblins
  14 jackals
  3 quokkas
  4 ball pythons
  5 bats (D:1)
  4 frilled lizards
  A giant cockroach zombie (D:5)
  7 kobolds
  A leopard gecko skeleton (D:4)
  A quokka skeleton (D:4)
  6 rats
142 creatures vanquished.

Vanquished Creatures (others)
  574 foxfires
574 creatures vanquished.

Grand Total: 716 creatures vanquished

Notes
Turn   | Place    | Note
-------+----------+-------------------------------------------
     0 | D:1      | Goreval the Draconian Fire Elementalist began the quest for
                  | the Orb.
     0 | D:1      | Reached XP level 1. HP: 14/14 MP: 3/3
   242 | D:1      | Reached XP level 2. HP: 17/22 MP: 0/5
  1648 | D:2      | Reached XP level 3. HP: 27/27 MP: 2/6
  1691 | D:2      | Learned a level 3 spell: Conjure Flame
  1712 | D:2      | Reached skill level 1 in Fighting
  2437 | D:2      | Reached XP level 4. HP: 35/35 MP: 0/7
  2608 | D:2      | Learned a level 3 spell: Inner Flame
  3109 | D:3      | Reached skill level 4 in Fire Magic
  3586 | D:3      | Reached XP level 5. HP: 27/41 MP: 7/9
  4598 | D:5      | Entered Level 5 of the Dungeon
  4626 | D:5      | Noticed a phantom
  4863 | D:4      | Reached XP level 6. HP: 49/49 MP: 3/10
  5113 | D:5      | Reached skill level 5 in Fire Magic
  5284 | D:5      | Your scales start taking on a lurid green colour.
  5284 | D:5      | Reached XP level 7. HP: 44/57 MP: 5/12
  5284 | D:5      | Gained mutation: Your system is resistant to poisons.
                  | (rPois) [Green Draconian growth]
  5284 | D:5      | Noticed Eustachio
  5305 | D:5      | Killed Eustachio
  5514 | D:5      | Found Hatigil's Assorted Antiques.
  5710 | D:5      | Found a burning altar of Makhleb.
  6086 | D:5      | Found a staircase to the Ecumenical Temple.
  6096 | Temple   | Entered the Ecumenical Temple
  6203 | Temple   | Became a worshipper of Vehumet
  6364 | D:5      | Reached skill level 5 in Conjurations
  6368 | D:5      | Reached skill level 6 in Fire Magic
  6495 | D:5      | Reached XP level 8. HP: 66/66 MP: 6/14
  7456 | D:6      | Learned a level 5 spell: Fireball
  7722 | D:6      | Reached skill level 7 in Fire Magic
  8105 | D:7      | Slain by a wyvern zombie

Levels and vault maps discovered:
D:1:      dpeg_arrival_pits, layout_basic
D:2:      layout_basic
D:3:      layout_loops_ring, kennysheep_pointless_box
D:4:      layout_cave_pools
D:5:      layout_basic, minmay_temple_entry_junction, first_ration,
          serial_shops, kennysheep_little_box, corexii_checkpoint_b,
          makhleb_blood_cavern_becter, uniq_eustachio
D:6:      layout_loops_cross
D:7:      layout_basic, basic_altar, uniq_duvessa
Temple:   kilobyte_greek_temple

Skill      XL: |  1  2  3  4  5  6  7  8 |
---------------+-------------------------+-----
Fighting       | 1 2 3 4 |  4.9
Conjurations   | 2 3 4 5 6 |  6.7
Fire Magic     | 4 5 6 7 |  7.4
Spellcasting   | 3 4 |  4.7
Dodging        | |  1.7
Stealth        | |  1.7

Action                   |  1- 3 |  4- 6 |  7- 9 || total
-------------------------+-------+-------+-------++-------
Melee: Unarmed           |    34 |       |       ||    34
       Tailslap          |     2 |    10 |    13 ||    25
       Dagger            |     1 |    89 |   121 ||   211
 Cast: Foxfire           |    83 |   125 |   157 ||   365
       Inner Flame       |       |     1 |     2 ||     3
 Abil: Breathe Noxious F |       |       |     9 ||     9
  Use: Scroll            |       |    14 |       ||    14
 Stab: Sleeping          |       |     1 |       ||     1
  Eat: Chunk             |     6 |     9 |    10 ||    25
Armor: Skin              |    23 |    31 |    59 ||   113
Dodge: Dodged            |    41 |    88 |   140 ||   269

Table legend:
 A = Non-vault XP
 B = Vault XP
 C = Vault XP percentage of total XP
 D = Non-vault monster count
 E = Vault monster count
 F = Vault count percentage of total count
                 A         B        C        D         E       F
            +---------+---------+-------+---------+---------+-------
      Total |    2494 |     252 |   9.2 |     138 |       4 |   2.8
            +---------+---------+-------+---------+---------+-------
        D:1 |      36 |       0 |   0.0 |      23 |       0 |   0.0
        D:2 |      91 |       0 |   0.0 |      20 |       0 |   0.0
        D:3 |     101 |       0 |   0.0 |      27 |       0 |   0.0
        D:4 |     281 |       0 |   0.0 |      15 |       0 |   0.0
        D:5 |     733 |     252 |  25.6 |      25 |       4 |  13.8
        D:6 |     826 |       0 |   0.0 |      17 |       0 |   0.0
        D:7 |     426 |       0 |   0.0 |      11 |       0 |   0.0
            +---------+---------+-------+---------+---------+-------
